 Dungeon Crawl Stone Soup version 0.28.0-53-g5a82cb258f (webtiles) character file.

Game seed: 210172745585267877

182 DocClef the Skirmisher (level 5, -8/46 HPs)
             Began as a Draconian Fighter on June 14, 2022.
             Mangled by an ogre
             ... wielding a +0 giant club
              (24 damage)
             ... on level 4 of the Dungeon.
             The game lasted 00:03:24 (3587 turns).

DocClef the Skirmisher (Draconian Fighter)          Turns: 3587, Time: 00:03:24

Health: -8/46      AC:  5    Str: 18    XL:     5   Next: 35%
Magic:  5/5        EV: 12    Int:  8    God:
Gold:   44         SH:  5    Dex: 13    Spells: 4/4 levels left

rFire   . . .      SeeInvis .   a - +1 rapier
rCold   . . .      Faith    .   b - +0 buckler
rNeg    . . .      Spirit   .   (armour unavailable)
rPois   .          Reflect  .   (helmet restricted)
rElec   .          Harm     .   (no cloak)
rCorr   .          Rampage  .   (no gloves)
Will    .....                   (no boots)
Stlth   ++........              (no amulet)
HPRegen 0.15/turn               (no ring)
MPRegen 0.09/turn               (no ring)

@: no status effects
A: AC +5, unfitting armour, cold-blooded
a: no special abilities


You were on level 4 of the Dungeon.
You visited 1 branch of the dungeon, and saw 4 of its levels.

You collected 44 gold pieces.

Inventory:

Hand Weapons
 a - a +1 rapier (weapon)
Armour
 b - a +0 buckler (worn)
Wands
 j - a wand of polymorph (8)
Scrolls
 l - a scroll of identify
Potions
 c - a potion of might
 d - a potion of attraction
 e - a potion of brilliance
 i - 2 potions of heal wounds


   Skills:
 + Level 4.1 Fighting
 + Level 3.6 Short Blades
 + Level 3.4 Dodging
 + Level 0.8 Stealth
 + Level 3.9 Shields


You had 4 spell levels left.
You didn't know any spells.
Your spell library contained the following spells:

 Spells                   Type           Power      Damage    Failure   Level
 Sting                    Tmut/Pois      0%         1d3       50%         1
 Poisonous Vapours        Pois/Air       0%         N/A       63%         2
 Olgreb's Toxic Radiance  Pois           0%         N/A       99%         4


Dungeon Overview and Level Annotations

Branches:
Dungeon (4/15)
 Temple: D:4-7

Altars:

Shops:
D:1 [


Innate Abilities, Weirdness & Mutations

Your plain brown scales are hard. (AC +5)
You cannot fit into any form of body armour.
You are cold-blooded and may be slowed by cold attacks.


Message History

You are too injured to fight recklessly!
You are too injured to fight recklessly!
You are too injured to fight recklessly!
You are too injured to fight recklessly!
You are too injured to fight recklessly!
You are too injured to fight recklessly!
You are too injured to fight recklessly!
You are too injured to fight recklessly!
You are too injured to fight recklessly!
You are too injured to fight recklessly!
You are too injured to fight recklessly!
You are too injured to fight recklessly!
You are too injured to fight recklessly!
You are too injured to fight recklessly!
You are too injured to fight recklessly!
You are too injured to fight recklessly!
You are too injured to fight recklessly!
You are too injured to fight recklessly!
You are too injured to fight recklessly!
You barely miss the ogre.
The ogre is moderately wounded.
The ogre closely misses you.
You closely miss the ogre.
The ogre is moderately wounded.
The ogre completely misses you.
You hit the ogre.
The ogre is moderately wounded.
The ogre hits you with a +0 giant club.
Unknown command.
You puncture the ogre!
The ogre is severely wounded.
You barely miss the ogre.
The ogre is severely wounded.
You block the ogre's attack.
You hit the ogre.
The ogre is severely wounded.
You hear the slow rusting of a very distant drain.
The ogre hits you with a +0 giant club!!
Ouch! That really hurt!
You die...

# .#.## .. #..#. #.#
.g> . ...###..#
#...#...#.#
......)gg.#
.......#..#
#.#....##.##########
#...... #.SO@.......
###.... ############
#.... #.... #....


You could see an ogre and a ball python.

Vanquished Creatures
  Terence (D:2)
  4 gnolls (D:3)
  4 adders
  2 worms (D:2)
  3 dart slugs
  3 orcs
  6 endoplasms
  5 goblins
  9 hobgoblins
  4 jackals (D:3)
  A quokka (D:2)
  3 ball pythons
  7 bats
  2 frilled lizards
  A giant cockroach (D:1)
  10 kobolds
  4 rats
69 creatures vanquished.

Vanquished Creatures (others)
  A plant (D:1)
1 creature vanquished.

Grand Total: 70 creatures vanquished

Notes
Turn   | Place    | Note
-------+----------+-------------------------------------------
     0 | D:1      | DocClef the Draconian Fighter began the quest for the Orb.
     0 | D:1      | Reached XP level 1. HP: 19/19 MP: 1/1
   436 | D:1      | Reached XP level 2. HP: 25/26 MP: 2/2
   759 | D:1      | Found Xaesar's Armour Emporium.
   782 | D:1      | Found a faded altar of an unknown god.
  1368 | D:2      | Reached XP level 3. HP: 31/33 MP: 3/3
  1614 | D:2      | Noticed Terence
  1820 | D:2      | Killed Terence
  1821 | D:2      | Reached XP level 4. HP: 6/40 MP: 4/4
  2355 | D:2      | Reached skill level 4 in Fighting
  2933 | D:3      | Reached XP level 5. HP: 26/46 MP: 5/5
  3556 | D:4      | Noticed an ogre
  3587 | D:4      | Mangled by an ogre

Illustrated notes

Levels and vault maps discovered:
D:1:      lightli_arrival_statue_moat, layout_loops_corners, serial_shops,
          shop_fountains, dreamdust_ecumenical_altar_grove
D:2:      layout_loops_ring, uniq_terence
D:3:      layout_loops_ring
D:4:      layout_rooms, amcnicky_altar_gilded, temple_statues,
          gup_sewer_entry_spiral, minmay_fractal_squares_diagonal_5, uniq_pikel

Skill      XL: |  1  2  3  4 |
---------------+-------------+-----
Dodging        | 3 |  3.4
Fighting       | 4 |  4.1
Short Blades   | 3 |  3.6
Stealth        | |  0.8
Shields        | |  3.9

Action                   |  1- 3 |  4- 6 || total
-------------------------+-------+-------++-------
Melee: Rapier            |   110 |   126 ||   236
       Tailslap          |    10 |    11 ||    21
       Unarmed           |     9 |       ||     9
  Use: Scroll            |       |     6 ||     6
 Stab: Sleeping          |     1 |     1 ||     2
Armor: Skin              |    30 |    27 ||    57
Dodge: Dodged            |    50 |    55 ||   105
Block: Buckler           |    18 |    30 ||    48
